 Dungeon Crawl Stone Soup version 0.22.1-5-g62c59d9 (webtiles) character file.

109374 Eloro the Bludgeoner (level 16, -9/101 HPs)
             Began as a Gargoyle Fighter on Jan 12, 2019.
             Was the Champion of Cheibriados.
             Killed from afar by an Ice Fiend (47 damage)
             ... with a bolt of cold
             ... in an ice cave.
             The game lasted 01:36:56 (26449 turns).

Eloro the Bludgeoner (Gargoyle Fighter)            Turns: 26449, Time: 01:36:56

Health: -9/101     AC: 39    Str: 41    XL:     16   Next: 52%
Magic:  14/23      EV: 12    Int: 32    God:    Cheibriados [******]
Gold:   2291       SH: 19    Dex: 31    Spells: 15/22 levels left

rFire    . . .     SeeInvis .   a - +3 eveningstar (flame)
rCold    . . .     Gourm    .   k - +2 shield {reflect}
rNeg     + . .     Faith    .   l - +3 chain mail "Nagary" {Int+4 Dex+7}
rPois    ∞         Spirit   .   S - +2 hat {Int+3}
rElec    +         Reflect  +   K - +2 cloak {MR+}
rCorr    .         Harm     .   m - +1 pair of gloves
MR       +++..                  D - +2 pair of boots
Stlth    ..........             (no amulet)
HPRegen  0.26/turn              P - ring of protection from magic
MPRegen  0.18/turn              N - +3 ring of evasion

@: flying, very slow
A: big wings, negative energy resistance 1, electricity resistance, unbreathing,
petrification resistance, rot immunity, AC +12
a: Stop Flying, Bend Time, Temporal Distortion, Slouch, Step From Time, Renounce
Religion


You were in an ice cave.
You worshipped Cheibriados.
Cheibriados was exalted by your worship.
You were not hungry.

You visited 5 branches of the dungeon, and saw 26 of its levels.
You also visited: Ossuary and Ice Cave.

You collected 2553 gold pieces.
You spent 262 gold pieces at shops.

Inventory:

Hand Weapons
 a - a +3 eveningstar of flaming (weapon)
 b - a +1 mace of holy wrath
 c - a +4 flail of freezing
 u - the +1 quarterstaff of the Shark {protect, rElec rC+}
   (You found it on level 4 of the Dungeon)

   It protects the one who uses it against injury (+AC on strike).
   It protects you from cold.
   It insulates you from electricity.
Armour
 k - a +2 shield of reflection (worn)
 l - the +3 chain mail "Nagary" (worn) {Int+4 Dex+7}
   (You found it on level 9 of the Dungeon)

   It affects your intelligence (+4).
   It affects your dexterity (+7).
 m - a +1 pair of gloves (worn)
 t - a +2 chain mail of fire resistance
 D - a +2 pair of boots (worn)
 K - a +2 cloak of magic resistance (worn)
 S - a +2 hat of intelligence (worn)
Jewellery
 o - an uncursed ring of protection from fire
 L - a +3 ring of dexterity
 M - an uncursed ring of protection from fire
 N - a +3 ring of evasion (right hand)
 O - the ring "Xetu Oga" {rF++ Str-5 Int+2 Dex+3}
   (You found it on level 8 of the Dungeon)

   [ring of intelligence]

   It affects your strength (-5).
   It affects your intelligence (+2).
   It affects your dexterity (+3).
   It greatly protects you from fire.
 P - a ring of protection from magic (left hand)
 Q - an uncursed ring of ice
Wands
 e - a wand of polymorph (14)
 g - a wand of clouds (11)
 p - a wand of paralysis (8)
 y - a wand of acid (9)
 A - a wand of flame (35)
 E - a wand of iceblast (22)
 H - a wand of scattershot (7)
Scrolls
 j - 9 scrolls of remove curse
 r - a scroll of summoning
 s - 13 scrolls of teleportation
 w - 15 scrolls of identify
 x - 2 scrolls of fear
 B - a scroll of silence
 C - 2 scrolls of magic mapping
 G - 3 scrolls of fog
 R - 3 scrolls of blinking
 U - a scroll of amnesia
Potions
 d - 4 potions of might
 h - 9 potions of cancellation
 i - a potion of invisibility {unknown}
 n - 9 potions of curing
 q - 3 potions of agility
 v - 4 potions of resistance
 z - a potion of lignification
 F - a potion of ambrosia
 I - a potion of heal wounds
Miscellaneous
 T - a phantom mirror
Comestibles
 f - 36 rations


   Skills:
 - Level 12.0 Fighting
 - Level 16.0 Maces & Flails
 - Level 1.2(10.8) Staves
 - Level 1.0 Throwing
 - Level 12.0 Armour
 - Level 12.0 Shields
 - Level 0.4 Unarmed Combat
 * Level 3.5 Spellcasting
 * Level 3.6 Charms
 - Level 1.0 Necromancy
 * Level 3.6 Translocations
 - Level 10.0 Invocations
 - Level 10.0 Evocations


You had 15 spell levels left.
You knew the following spells:

 Your Spells              Type           Power        Failure   Level  Hunger
y - Apportation           Tloc           ####..       4%          1    None
G - Gell's Gravitas       Tloc           ####......   16%         3    ##.....
R - Regeneration          Chrm/Necr      ###.......   26%         3    ##.....

Your spell library contained the following spells:

 Spells                   Type           Power        Failure   Level  Hunger
 Animate Skeleton         Necr           N/A          16%         1    None
 Pain                     Necr           ##..         16%         1    None
 Confusing Touch          Hex            #.....       22%         1    None
 Flame Tongue             Conj/Fire      #....        22%         1    None
 Sting                    Conj/Pois      #...         22%         1    None
 Summon Small Mammal      Summ           #...         22%         1    None
 Recall                   Summ/Tloc      N/A          32%         3    ##.....
 Poisonous Vapours        Pois/Air       #.....       34%         2    None
 Slow                     Hex            #.......     34%         2    None
 Throw Flame              Conj/Fire      #.....       34%         2    None
 Vampiric Draining        Necr           ##........   41%         3    ##.....
 Confuse                  Hex            #.......     56%         3    ##.....
 Conjure Flame            Conj/Fire      #.......     56%         3    ##.....
 Inner Flame              Hex/Fire       #.......     56%         3    ##.....
 Mephitic Cloud           Conj/Pois/Air  #.......     56%         3    ##.....
 Summon Guardian Golem    Hex/Summ       #.......     56%         3    ##.....
 Animate Dead             Necr           N/A          83%         4    ####...
 Fulminant Prism          Conj/Hex       #.........   92%         4    ####...
 Olgreb's Toxic Radiance  Pois           #.......     92%         4    ####...
 Petrify                  Tmut/Erth      #.......     92%         4    ####...
 Sticky Flame             Conj/Fire      #.......     92%         4    ####...
 Summon Forest            Summ/Tloc      ###.......   96%         5    #####..
 Aura of Abjuration       Summ           #.........   99%         5    #####..
 Fireball                 Conj/Fire      #.........   99%         5    #####..
 Metabolic Englaciation   Hex/Ice        #.........   99%         5    #####..
 Summon Demon             Summ           #.........   99%         5    #####..
 Summon Mana Viper        Hex/Summ       #.......     99%         5    #####..
 Venom Bolt               Conj/Pois      #.........   99%         5    #####..
 Yara's Violent Unravell  Hex/Tmut       #.........   99%         5    #####..
 Shadow Creatures         Summ           N/A          100%        6    #######


Dungeon Overview and Level Annotations

Branches:
Dungeon (15/15)            Temple (1/1) D:4            Lair (6/6) D:10
 Shoals (2/4) Lair:4        Snake (0/4) Lair:3        Slime (0/5) Lair:5
    Orc (2/2) D:12            Elf (0/3) Orc:2        Vaults (0/5) D:13
 Depths (0/5) D:15

Altars:
Ashenzari
Cheibriados
Dithmenos
Elyvilon
Fedhas
Gozag
Hepliaklqana
Kikubaaqudgha
Makhleb
Nemelex Xobeh
Okawaru
Qazlal
Ru
Sif Muna
Trog
Uskayaw
Vehumet
Wu Jian
Xom
Yredelemnul
Zin
The Shining One
Jiyva

Shops:
D:9 *   Orc:1 =   Orc:2 (%[:*   Shoals:1 (

Annotations:
D:15 exclusion: Roxanne, Roxanne
Lair:5 4 runed doors, sanboga's ghost, journeyman GrBe
Shoals:1 3 runed doors, Ynebar Suipt's ghost, adept GrBe; jagermiastro's ghost, journeyman HuFi


Innate Abilities, Weirdness & Mutations

You are resistant to torment.
Your stone body is resilient. (AC +12)
You are immune to poison.
Your large and strong wings let you fly indefinitely.
You resist negative energy. (rN+)
You are resistant to electric shocks. (rElec)
You can survive without breathing.
You are immune to petrification.
You are immune to rotting.


Message History

A four-headed hydra simulacrum comes into view.
The Ice Fiend gestures at you. The bolt of cold hits you!
You puncture the Ice Fiend! You burn the Ice Fiend!
The Ice Fiend is heavily wounded.
The Ice Fiend gestures at you. The bolt of cold hits you!
You hit the Ice Fiend. You burn the Ice Fiend.
The Ice Fiend is heavily wounded.
The Ice Fiend gestures at you. The bolt of cold hits you!
* * * LOW HITPOINT WARNING * * *
Unknown command.
You can feel time thicken for a moment.
You feel somewhat more hungry.
The Ice Fiend claws you but does no damage.
You block the Ice Fiend's attack.
You feel much better. The Ice Fiend gestures at you. The bolt of cold hits you!
You die...

# ##.....# ##...####
####...##
######....###
....#...###
##....### ###
####### ######.##
### ##...#.#.###
..## #.⌠...###@.#
...#####.#.###41###
#.....#####..##Z§Z#
##.....####..###.§.#
###....#...## Z...#
####...### ...##
##### .### .$ #:


You could see an Ice Fiend, an ice devil and a four-headed hydra simulacrum.

Vanquished Creatures
  Gastronok (Lair:1)
  Kirke (Lair:5)
  An orc warlord (Orc:2)
  Nessos (D:13)
  Azrael (D:15)
  Snorg (Lair:5)
  A merfolk javelineer (Shoals:1)
  A yaktaur captain (D:15)
  Josephine (D:15)
  5 catoblepae (Lair:6)
  3 centaur warriors
  3 hydras
  5 two-headed ogres
  6 death yaks (Lair:6)
  3 tengu warriors
  Urug (D:12)
  5 orc high priests (Orc:2)
  Nergalle (Lair:1)
  4 unseen horrors
  5 sea snakes (Shoals:1)
  A wizard (D:14)
  Pikel (D:9)
  5 orc knights
  A necromancer (Lair:4)
  2 deep elf magi
  10 manticores
  8 fauns (Shoals:1)
  3 orc sorcerers (Orc:2)
  9 ugly things
  3 cyclopes
  Maurice (D:12)
  4 merfolk sirens
  2 black mambas
  2 ice statues
  4 spiny frogs
  2 gargoyles
  A yaktaur (D:15)
  2 freezing wraiths (IceCv)
  5 rime drakes
  7 ice devils (IceCv)
  7 komodo dragons
  3 anaconda simulacra (IceCv)
  2 tengu conjurers
  A queen bee (D:8)
  8 trolls
  10 merfolk
  3 polar bears
  A troll (shapeshifter) (D:14)
  2 hornets
  3 meliai
  A wind drake (Shoals:1)
  12 slime creatures
  A wind drake (shapeshifter) (D:13)
  Grinder (D:3)
  7 blink frogs
  3 snapping turtles (Shoals:1)
  12 hippogriffs
  A redback (shapeshifter) (D:13)
  4 centaur simulacra
  4 wyverns
  6 wraiths
  3 dire elephant simulacra (IceCv)
  3 water elementals (Shoals:1)
  5 fire elementals (D:15)
  A human (D:7)
  50 yaks
  A hungry ghost (D:15)
  Grum (D:9)
  3 hogs (D:7)
  6 vampire mosquitoes (D:14)
  A steam dragon (D:11)
  3 wargs
  4 harpy simulacra (IceCv)
  5 water moccasins
  An acid dragon (D:12)
  2 iron troll simulacra (IceCv)
  3 nagas (Lair:3)
  3 hell hounds (D:15)
  12 porcupines
  4 hydra simulacra (IceCv)
  33 orc warriors
  2 slaves (D:8)
  An ettin simulacrum (IceCv)
  An eye of draining (D:10)
  2 ice beasts
  6 sky beasts
  20 ogres
  2 black bears
  2 phantoms
  A necrophage (D:8)
  An alligator simulacrum (IceCv)
  15 centaurs
  17 wolves
  9 crocodiles
  Blork the orc (D:6)
  A big kobold (D:12)
  13 bullfrogs
  3 wyvern zombies
  A hornet simulacrum (D:14)
  A scorpion (shapeshifter) (D:15)
  3 scorpions
  10 killer bees (D:8)
  A swamp dragon simulacrum (IceCv)
  4 howler monkeys
  4 wights (D:6)
  2 electric eels (Lair:2)
  9 crimson imps
  5 centaur zombies
  4 bullfrog zombies
  5 hounds
  5 draconian simulacra (IceCv)
  2 quasits
  7 orc priests
  4 centaur skeletons
  2 human zombies (Ossuary)
  A gnoll shaman (D:10)
  4 jellies
  20 orc wizards
  2 iguanas
  2 bullfrog skeletons
  Natasha (thrice) (D:2)
  A troll simulacrum (IceCv)
  11 worker ants
  3 polar bear simulacra (Lair:4)
  5 yak simulacra (Lair:4)
  A killer bee zombie (D:8)
  A wolf simulacrum (Lair:4)
  A big kobold zombie (Ossuary)
  2 hound skeletons
  A hound zombie (D:5)
  2 mummies (Ossuary)
  A howler monkey zombie (D:5)
  2 worker ant zombies
  Robin (D:1)
  12 gnolls
  12 adders
  2 naga simulacra (IceCv)
  An ogre simulacrum (IceCv)
  8 shadow imps
  8 white imps (IceCv)
  6 ufetubi (IceCv)
  2 adder skeletons
  3 adder zombies
  3 worms
  A dart slug (D:1)
  4 leopard geckos
  58 orcs
  4 ball pythons
  5 giant cockroaches
  13 goblins
  8 hobgoblins
  8 jackals
  4 quokkas
  6 bats
  4 frilled lizards
  3 goblin zombies (Ossuary)
  9 hobgoblin zombies (Ossuary)
  2 jackal skeletons (D:5)
  8 kobolds
  7 kobold zombies (Ossuary)
  11 orc zombies (Ossuary)
  3 quokka zombies (D:5)
  7 rats
  A rat zombie (Ossuary)
  2 river rat simulacra (Lair:4)
  A bush (D:1)
  2 fungi
  A plant (Shoals:1)
818 creatures vanquished.

Vanquished Creatures (others)
  An orc warlord (Orc:2)
  A merfolk javelineer (Shoals:1)
  2 centaur warriors (D:15)
  A centaur (Shoals:1)
  18 fungi
  13 plants
  4 withered plants (Shoals:1)
40 creatures vanquished.

Grand Total: 858 creatures vanquished

Notes
Turn   | Place    | Note
-------+----------+-------------------------------------------
     0 | D:1      | Eloro the Gargoyle Fighter began the quest for the Orb.
     0 | D:1      | Reached XP level 1. HP: 14/14 MP: 1/1
   133 | D:1      | Reached XP level 2. HP: 17/19 MP: 2/2
   336 | D:1      | Reached skill level 3 in Maces & Flails
   441 | D:1      | Reached XP level 3. HP: 23/23 MP: 3/3
   916 | D:2      | Noticed Robin
   960 | D:1      | Killed Robin
   960 | D:1      | Reached skill level 4 in Maces & Flails
  1126 | D:2      | Reached XP level 4. HP: 28/28 MP: 4/4
  1329 | D:2      | Noticed Natasha
  1349 | D:2      | Killed Natasha
  1349 | D:2      | Reached skill level 5 in Maces & Flails
  1363 | D:2      | Reached XP level 5. HP: 17/32 MP: 5/5
  1370 | D:2      | Noticed Natasha
  1376 | D:2      | Killed Natasha
  1581 | D:2      | Noticed Natasha
  1596 | D:2      | Killed Natasha
  1676 | D:3      | Noticed Grinder
  1806 | D:3      | Killed Grinder
  1806 | D:3      | Reached skill level 6 in Maces & Flails
  1806 | D:3      | Reached skill level 1 in Evocations
  1806 | D:3      | Reached XP level 6. HP: 23/37 MP: 6/6
  1996 | D:3      | Reached skill level 7 in Maces & Flails
  2067 | D:3      | Reached XP level 7. HP: 41/41 MP: 7/7
  2347 | D:4      | Found a staircase to the Ecumenical Temple.
  2362 | Temple   | Entered the Ecumenical Temple
  2445 | Temple   | Became a worshipper of Cheibriados the Contemplative
  3249 | D:4      | Got a smoking quarterstaff
  3709 | D:5      | Entered Level 5 of the Dungeon
  4047 | D:5      | Identified the cursed +1 quarterstaff of the Shark
                  | {protect, rElec rC+} (You found it on level 4 of the
                  | Dungeon)
  4222 | D:5      | Reached skill level 8 in Maces & Flails
  4396 | D:5      | Reached skill level 1 in Invocations
  4396 | D:5      | Reached XP level 8. HP: 41/46 MP: 9/9
  4501 | D:5      | Reached * piety under Cheibriados
  4958 | D:6      | Found a sand-covered staircase.
  4980 | D:6      | Reached skill level 9 in Maces & Flails
  4984 | Ossuary  | Entered an ossuary
  5195 | Ossuary  | Reached ** piety under Cheibriados
  5527 | D:6      | Reached skill level 10 in Maces & Flails
  5553 | D:6      | Reached XP level 9. HP: 47/51 MP: 10/10
  5673 | D:6      | Noticed Blork the orc
  5685 | D:6      | Killed Blork the orc
  6297 | D:6      | Found a bloodstained altar of Trog.
  6302 | D:6      | Found a glowing golden altar of the Shining One.
  6307 | D:6      | Found a shimmering altar of Xom.
  6774 | D:7      | Reached *** piety under Cheibriados
  6909 | D:7      | Reached skill level 11 in Maces & Flails
  7018 | D:7      | Found a burning altar of Makhleb.
  7455 | D:7      | Reached XP level 10. HP: 47/56 MP: 12/12
  7728 | D:8      | Reached skill level 12 in Maces & Flails
  7883 | D:8      | Reached **** piety under Cheibriados
  7932 | D:8      | Got a wavering steel ring
  7934 | D:8      | Identified the ring "Xetu Oga" {rF++ Str-5 Int+2 Dex+3}
                  | (You found it on level 8 of the Dungeon)
  8255 | D:8      | Reached skill level 5 in Shields
  8628 | D:9      | Got a brightly glowing chain mail
  8645 | D:9      | Identified the +3 chain mail "Nagary" {Int+4 Dex+7} (You
                  | found it on level 9 of the Dungeon)
  8680 | D:9      | Found an iron altar of Okawaru.
  8717 | D:9      | Found Gozag's Platinum Reserve.
  8722 | D:9      | Found an opulent altar of Gozag.
  8780 | D:9      | Reached skill level 13 in Maces & Flails
  8812 | D:9      | Noticed Grum
  8852 | D:9      | Killed Grum
  8852 | D:9      | Reached skill level 5 in Invocations
  8856 | D:9      | Noticed Pikel
  8867 | D:9      | Killed Pikel
  8888 | D:9      | Got an ichor-stained leather armour
  8932 | D:9      | Reached XP level 11. HP: 50/61 MP: 14/14
  9405 | D:10     | Entered Level 10 of the Dungeon
  9480 | D:9      | Reached skill level 14 in Maces & Flails
  9495 | D:10     | Reached skill level 5 in Evocations
  9559 | D:10     | Learned a level 1 spell: Apportation
  9595 | D:10     | Reached ***** piety under Cheibriados
  9972 | D:10     | Found a staircase to the Lair.
 10460 | D:10     | Identified the cursed +1 leather armour of Tulel {rElec
                  | rPois Dex-5 Stlth+} (You found it on level 9 of the
                  | Dungeon)
 10660 | D:11     | Noticed a manticore
 10670 | D:11     | Killed a manticore
 10813 | D:11     | Noticed a manticore
 10819 | D:11     | Killed a manticore
 10913 | D:11     | Reached skill level 15 in Maces & Flails
 11132 | D:11     | Reached XP level 12. HP: 42/66 MP: 17/17
 11145 | D:11     | Reached skill level 5 in Armour
 11749 | D:12     | Found a staircase to the Orcish Mines.
 11965 | D:12     | Noticed Urug
 11976 | D:12     | Killed Urug
 12047 | D:12     | Noticed Maurice
 12065 | D:12     | Killed Maurice
 12123 | D:12     | Reached skill level 5 in Fighting
 12612 | D:12     | Noticed a two-headed ogre
 12619 | D:12     | Killed a two-headed ogre
 12825 | Lair:1   | Entered Level 1 of the Lair of Beasts
 13019 | Lair:1   | Noticed Gastronok
 13032 | Lair:1   | Killed Gastronok
 13032 | Lair:1   | Reached skill level 16 in Maces & Flails
 13542 | Lair:1   | Noticed Nergalle
 13552 | Lair:1   | Killed Nergalle
 14099 | Lair:2   | Reached XP level 13. HP: 64/72 MP: 19/19
 14908 | Lair:3   | Reached skill level 10 in Invocations
 15004 | Lair:3   | Found a staircase to the Snake Pit.
 15083 | Lair:3   | Reached ****** piety under Cheibriados
 15837 | Lair:4   | Reached skill level 1 in Spellcasting
 15906 | Lair:4   | Reached skill level 1 in Staves
 16244 | Lair:4   | Found a staircase to the Shoals.
 16760 | Lair:5   | Reached skill level 1 in Throwing
 16856 | Lair:5   | Found a runed gate.
 16856 | Lair:5   | Found a runed gate.
 16862 | Lair:5   | Found a runed gate.
 16866 | Lair:5   | Noticed sanboga's ghost (journeyman GrBe)
 16921 | Lair:5   | Noticed Snorg
 16936 | Lair:5   | Killed Snorg
 16946 | Lair:5   | Noticed Kirke
 16967 | Lair:5   | Killed Kirke
 17044 | Lair:5   | Found a runed door.
 17045 | Lair:5   | Found a viscous altar of Jiyva.
 17056 | Lair:5   | Found a staircase to the Slime Pits.
 17423 | Lair:6   | Entered Level 6 of the Lair of Beasts
 17685 | Lair:6   | Reached skill level 10 in Evocations
 17812 | Lair:6   | Gained mutation: Your large and strong wings let you fly
                  | indefinitely. [Gargoyle growth]
 17812 | Lair:6   | Reached XP level 14. HP: 73/78 MP: 21/21
 18787 | Lair:6   | Reached skill level 10 in Shields
 19621 | D:13     | Found a gate to the Vaults.
 19805 | D:13     | Noticed Nessos
 19817 | D:13     | Killed Nessos
 19925 | D:13     | Reached skill level 10 in Armour
 20378 | D:14     | Identified the Handbook of Blistering Execration
 20423 | D:14     | Found a bloodstained altar of Trog.
 20459 | D:14     | Reached XP level 15. HP: 89/89 MP: 22/22
 20735 | D:14     | Reached skill level 10 in Fighting
 20884 | D:15     | Entered Level 15 of the Dungeon
 20906 | D:14     | Reached skill level 1 in Translocations
 21328 | D:15     | Noticed Azrael
 21355 | D:15     | Killed Azrael
 21404 | D:15     | Found a shadowy altar of Dithmenos.
 21667 | D:15     | Found a staircase to the Depths.
 21699 | D:15     | Noticed Josephine
 21715 | D:15     | Killed Josephine
 21757 | D:15     | Noticed Roxanne
 21763 | D:15     | Learned a level 3 spell: Gell's Gravitas
 21767 | D:15     | Learned a level 3 spell: Regeneration
 22191 | Orc:1    | Entered Level 1 of the Orcish Mines
 22277 | Orc:2    | Entered Level 2 of the Orcish Mines
 22288 | Orc:2    | Found a staircase to the Elven Halls.
 22365 | Orc:2    | Reached skill level 1 in Charms
 22402 | Orc:2    | Found Etzadoupn's Antique Weapon Emporium.
 22443 | Orc:2    | Found a radiant altar of Vehumet.
 22457 | Orc:2    | Found Alumemiz's Food Boutique.
 22468 | Orc:2    | Noticed an orc warlord
 22487 | Orc:2    | Killed an orc warlord
 22967 | Orc:2    | Found Qoqaogru's Antique Armour Emporium.
 23144 | Orc:2    | Found Uthuq's Book Shoppe.
 23222 | Orc:2    | Paralysed by an orc sorcerer for 4 turns
 23245 | Orc:2    | Bought a pair of runed gloves for 217 gold pieces
 23314 | Orc:2    | Noticed an orc warlord
 23332 | Orc:2    | Killed an orc warlord
 23332 | Orc:2    | Reached XP level 16. HP: 88/97 MP: 23/23
 23382 | Orc:2    | Found Muxaliwu's General Store.
 23423 | Orc:2    | Bought a potion of curing for 45 gold pieces
 23832 | Orc:1    | Found Romohaje's Jewellery Shoppe.
 24424 | Shoals:1 | Entered Level 1 of the Shoals
 24571 | Shoals:1 | Found Xifusas's Antique Weapon Boutique.
 24707 | Shoals:1 | Found a runed gate.
 24707 | Shoals:1 | Found a runed gate.
 24707 | Shoals:1 | Found a runed gate.
 24728 | Shoals:1 | Noticed Ynebar Suipt's ghost (adept GrBe)
 24728 | Shoals:1 | Noticed Ynebar Suipt's ghost (adept GrBe)
 24729 | Shoals:1 | Noticed jagermiastro's ghost (journeyman HuFi)
 25334 | Shoals:2 | Found a frozen archway.
 25362 | IceCv    | Entered an ice cave
 26350 | IceCv    | Reached skill level 1 in Necromancy
 26441 | IceCv    | Noticed an Ice Fiend
 26449 | IceCv    | Killed from afar by an Ice Fiend

Skill      XL: |  1  2  3  4  5  6  7  8  9 10 11 12 13 14 15 16 |
---------------+-------------------------------------------------+-----
Maces & Flails | 3 4 5 6 7 8 10 11 13 15 16 | 16.0
Evocations     | 1 2 3 4 5 6 10 | 10.0
Shields        | 4 5 6 7 10 12 | 12.0
Invocations    | 1 2 3 5 6 9 10 | 10.0
Armour         | 4 5 7 10 11 12 | 12.0
Fighting       | 4 5 8 10 12 | 12.0
Spellcasting   | 1 3 |  3.5
Staves         | 1 |  1.2
Throwing       | 1 |  1.0
Translocations | 3 |  3.6
Charms         | 3 |  3.6
Necromancy     | 1 |  1.0
Unarmed Combat | |  0.4

Action                   |  1- 3 |  4- 6 |  7- 9 | 10-12 | 13-15 | 16-18 || total
-------------------------+-------+-------+-------+-------+-------+-------++-------
Melee: Flail             |   235 |   185 |   256 |   695 |   596 |       ||  1967
       Mace              |       |    12 |   232 |    79 |    91 |       ||   414
       Eveningstar       |       |       |       |       |   413 |   285 ||   698
 Cast: Regeneration      |       |       |       |       |       |     4 ||     4
Invok: Bend Time         |       |       |     8 |    19 |       |       ||    27
       Temporal Distorti |       |       |       |     4 |     5 |     2 ||    11
       Slouch            |       |       |       |     2 |    11 |     2 ||    15
 Abil: Stop Flying       |       |     1 |       |       |       |       ||     1
       Evoke Flight      |       |     1 |       |       |       |       ||     1
       Fly               |       |       |       |       |       |     1 ||     1
Evoke: Wand              |       |       |       |       |       |     2 ||     2
  Use: Scroll            |       |       |    22 |     8 |     4 |     1 ||    35
       Potion            |       |       |       |       |       |     1 ||     1
 Stab: Petrified         |       |       |       |       |    14 |       ||    14
  Eat: Chunk             |     1 |     4 |     9 |    16 |    24 |     5 ||    59
       Ration            |       |       |     2 |       |       |     1 ||     3
Armor: Chain mail        |    73 |   120 |   257 |   360 |   538 |   125 ||  1473
       Scale mail        |     5 |       |       |       |       |       ||     5
Dodge: Dodged            |    31 |    36 |   110 |   148 |   257 |    90 ||   672
Block: Shield            |    64 |    88 |   287 |   516 |   975 |   227 ||  2157
       Reflection        |       |       |       |     6 |    48 |    31 ||    85
